 Dungeon Crawl Stone Soup version 0.26.0-45-g9c1d065592 (webtiles) character file.

Game seed: 4034195480989491188

83 Eurus the Insei (level 4, -5/35 HPs)
             Began as a Draconian Transmuter on Jan 29, 2021.
             Slain by a gnoll
             ... wielding a +0 flail
              (8 damage)
             ... on level 2 of the Dungeon.
             The game lasted 00:03:55 (2321 turns).

Eurus the Insei (Draconian Transmuter)              Turns: 2321, Time: 00:03:55

Health: -5/35      AC:  5    Str: 12    XL:     4   Next: 22%
Magic:  6/7        EV: 12    Int: 14    God:
Gold:   106        SH:  0    Dex: 12    Spells: 5/8 levels left

rFire    . . .     SeeInvis .     - Unarmed
rCold    . . .     Faith    .   (no shield)
rNeg     . . .     Spirit   .   (armour unavailable)
rPois    .         Reflect  .   (helmet currently unavailable)
rElec    .         Harm     .   (no cloak)
rCorr    .         Rampage  .   (no gloves)
Will     .....                  (boots currently unavailable)
Stlth    +.........             (no amulet)
HPRegen  0.11/turn              (no ring)
MPRegen  0.10/turn              (no ring)

@: appendages (expiring)
A: unfitting armour, horns 2, talons 2, cold-blooded, AC +5
a: End Transformation


You were on level 2 of the Dungeon.
You had grown temporary horns.
You had grown temporary talons.
You visited 1 branch of the dungeon, and saw 3 of its levels.

You collected 106 gold pieces.

Inventory:

Jewellery
 h - an uncursed amulet of faith {unknown}
 j - a cursed amulet of inaccuracy {unknown}
 l - a cursed amulet of faith {unknown}
Scrolls
 a - a scroll of enchant weapon {unknown}
 b - a scroll of enchant armour {unknown}
 d - 4 scrolls of remove curse {unknown}
 f - a scroll of fear {unknown}
 i - a scroll of identify {unknown}
 k - a scroll of teleportation {unknown}
Potions
 c - 2 potions of heal wounds {unknown}
 e - a potion of degeneration {unknown}
 g - 4 potions of curing {unknown}


   Skills:
 - Level 1.1 Fighting
 - Level 1.7 Dodging
 * Level 4.2 Unarmed Combat
 + Level 2.6 Spellcasting
 + Level 2.7 Transmutations


You had 5 spell levels left.
You knew the following spells:

 Your Spells              Type           Power        Failure   Level
a - Beastly Appendage     Tmut           18%          7%          1
b - Wereblood             Tmut           9%           11%         2

Your spell library contained the following spells:

 Spells                   Type           Power        Failure   Level
 Spider Form              Tmut/Pois      2%           36%         3
 Ice Form                 Ice/Tmut       5%           77%         4
 Blade Hands              Tmut           4%           89%         5


Dungeon Overview and Level Annotations

Branches:
Dungeon (3/15)

Altars:


Innate Abilities, Weirdness & Mutations

Your plain brown scales are hard. (AC +5)
You cannot fit into any form of body armour.
You are cold-blooded and may be slowed by cold attacks.
You have a pair of horns on your head.
You have razor-sharp toenails.


Message History

You hit the gnoll.
The gnoll is severely wounded.
The gnoll hits you but does no damage.
You punch the gnoll!
You kill the gnoll!
You have reached level 4!
You feel agile.
You hit the gnoll.
The gnoll is severely wounded.
The gnoll barely misses you.
You hit the gnoll.
You kill the gnoll!
The gnoll hits you with a +0 flail.
* * * LOW HITPOINT WARNING * * *
You hit the gnoll but do no damage. You hit the gnoll but do no damage.
You claw the gnoll. Your headbutt misses the gnoll.
The gnoll is lightly wounded.
The gnoll hits you with a +0 flail!
You die...

#..## #.#.#
#.## #...#
#.#.# #.##
#...# #.#.#
#.##
####...##
#.#.# #.##
#.......#
#.#.# #.##
#.......##
#.#.# #.##
#........#
#.#.# #.##
#........#
#.#<# #...
#......#@#
#.######.##
#..(...#g##
#.#........
#......#..#
#.#.#######
########..#
#.#.# #
##.## #.#.#
# #..#
#.#.# #
#.># #.#.#
# ##.#
#.#.# # #.#
#.#.# #


You could see a gnoll.

Vanquished Creatures
  2 gnolls (D:2)
  An ooze (D:1)
  2 worms (D:2)
  An adder skeleton (D:2)
  2 dart slugs
  A leopard gecko (D:1)
  5 giant cockroaches
  4 goblins
  7 hobgoblins
  2 ball pythons (D:2)
  7 bats (D:1)
  A frilled lizard (D:1)
  7 kobolds
  3 rats
45 creatures vanquished.

Notes
Turn   | Place    | Note
-------+----------+-------------------------------------------
     0 | D:1      | Eurus the Draconian Transmuter began the quest for the Orb.
     0 | D:1      | Reached XP level 1. HP: 16/16 MP: 3/3
   270 | D:1      | Reached XP level 2. HP: 19/23 MP: 3/5
   946 | D:1      | Reached XP level 3. HP: 27/28 MP: 4/6
   949 | D:1      | Learned a level 2 spell: Wereblood
  1616 | D:2      | Reached skill level 4 in Unarmed Combat
  2318 | D:2      | Reached XP level 4. HP: 7/35 MP: 5/7
  2321 | D:2      | Slain by a gnoll

Illustrated notes

Levels and vault maps discovered:
D:1:      lemuel_arrival_rhombus, layout_loops_corners, feat_on_display
D:2:      layout_basic
D:3:      minmay_skewed_foursquare, layout_loops_ring,
          cheibrodos_sewer_entry_sluice

Skill      XL: |  1  2  3 |
---------------+----------+-----
Unarmed Combat | 4 |  4.2
Fighting       | |  1.1
Dodging        | |  1.7
Spellcasting   | |  2.6
Transmutations | |  2.7

Action                   |  1- 3 |  4- 6 || total
-------------------------+-------+-------++-------
Melee: Unarmed           |   125 |     4 ||   129
       Tailslap          |     9 |       ||     9
       Kick              |    19 |     1 ||    20
       Headbutt          |     9 |       ||     9
       Punch             |     2 |       ||     2
 Cast: Beastly Appendage |    25 |       ||    25
 Stab: Sleeping          |     2 |       ||     2
Armor: Skin              |    37 |       ||    37
Dodge: Dodged            |    75 |     1 ||    76
